 Dungeon Crawl Stone Soup version 0.26-a0-863-g3bff4b215c (webtiles) character file.

Game seed: 3417555392264639506

411 germanbkn the Ogre Mage (level 6, -7/57 HPs)
             Began as an Ogre Fire Elementalist on Nov 26, 2020.
             Was a Priest of Ru.
             Mangled by Steadysplat's ghost (10 damage)
             ... on level 3 of the Dungeon.
             The game lasted 01:10:30 (7113 turns).

germanbkn the Ogre Mage (Ogre Fire Elementalist)    Turns: 7113, Time: 01:10:31

Health: -7/57      AC:  3    Str: 13    XL:     6   Next: 90%
Magic:  10/12      EV:  9    Int: 18    God:    Ru [***...]
Gold:   158        SH:  0    Dex:  9    Spells: 9/13 levels left

rFire    . . .     SeeInvis .   E - +1 mace (protect)
rCold    . . .     Faith    .   (shield unavailable)
rNeg     . . .     Spirit   .   a - +0 robe
rPois    .         Reflect  .   (helmet restricted)
rElec    .         Harm     .   (no cloak)
rCorr    .         Rampage  .   (gloves unavailable)
MR       .....                  (boots unavailable)
Stlth    +.........             (no amulet)
HPRegen  0.19/turn              (ring unavailable)
MPRegen  0.13/turn              (no ring)

@: heavily drained
A: large, unfitting armour, tough skin 1, missing a hand
a: Draw Out Power, Renounce Religion


You were on level 3 of the Dungeon.
You worshipped Ru.
Ru was most pleased with you.
You visited 1 branch of the dungeon, and saw 4 of its levels.

You collected 158 gold pieces.

Inventory:

Hand Weapons
 b - a +0 club (quivered)
 d - a +0 club
 f - a +0 dagger
 g - a +0 club
 i - a +2 short sword of draining
 u - a +0 spear
 E - a +1 mace of protection (weapon)
Missiles
 n - 40 bolts
Armour
 a - a +0 robe (worn)
 c - a +0 pair of gloves
 h - a +0 scale mail
 l - a +3 leather armour
 p - a +0 buckler
 r - a +0 ring mail
Jewellery
 e - an uncursed ring of resist corrosion
 o - a cursed amulet of inaccuracy {unknown}
 s - an uncursed ring of poison resistance
 z - an uncursed ring of wizardry {unknown}
Wands
 A - a wand of iceblast (10)
 B - a wand of digging (4)
 D - a wand of polymorph (8)
Scrolls
 k - 3 scrolls of identify
 m - a scroll of remove curse
 t - a scroll of teleportation {unknown}
 v - a scroll of magic mapping {unknown}
 y - a scroll of amnesia {unknown}
 F - a scroll of enchant armour {unknown}
Potions
 j - a potion of haste {unknown}
 q - a potion of brilliance
 w - 2 potions of degeneration {unknown}
 x - a potion of lignification {unknown}
 C - a potion of berserk rage {unknown}


   Skills:
 + Level 1.9(0.4) Fighting
 + Level 1.5(0.0) Short Blades
 + Level 2.8(1.2) Dodging
 + Level 2.0(0.4) Stealth
 + Level 0.1(0.0) Unarmed Combat
 + Level 4.2(2.5) Spellcasting
 + Level 2.0(0.5) Conjurations
 + Level 0.8(0.0) Hexes
 * Level 4.1(2.5) Fire Magic
 + Level 0.1(0.0) Evocations


You had 9 spell levels left.
You knew the following spells:

 Your Spells              Type           Power        Failure   Level
a - Foxfire               Conj/Fire      #...         9%          1
b - Inner Flame           Hex/Fire       #.......     30%         3

Your spell library contained the following spells:

 Spells                   Type           Power        Failure   Level
 Conjure Flame            Conj/Fire      #.......     26%         3
 Sticky Flame             Conj/Fire      #.......     65%         4
 Fireball                 Conj/Fire      #.........   94%         5


Dungeon Overview and Level Annotations

Branches:
Dungeon (4/15)
 Temple: D:4-7

Altars:
Gozag
Ru

Annotations:
D:3 Steadysplat's ghost, novice GnWn


Innate Abilities, Weirdness & Mutations

You are too large for most types of armour.
You have tough skin. (AC +1)
You are missing a hand.


Message History

Steadysplat's ghost hits you.
* * * LOW HITPOINT WARNING * * *
You're too exhausted to draw out your power.
You feel less exhausted.
Your magical contamination has completely faded away.
Steadysplat's ghost closely misses you.
Casting: Foxfire (safe; 9% risk of failure)
Confirm with . or Enter, or press ? or * to list all spells.
You conjure some foxfire!
Steadysplat's ghost is stunned by your will and fails to attack.
The foxfire hits Steadysplat's ghost but does no damage.
Steadysplat's ghost is heavily damaged.
The foxfire hits Steadysplat's ghost.
Steadysplat's ghost completely resists.
Steadysplat's ghost is heavily damaged.
You closely miss Steadysplat's ghost.
Steadysplat's ghost is heavily damaged.
Steadysplat's ghost hits you!
* * * LOW HITPOINT WARNING * * *
Steadysplat's ghost hits you!
You die...

#.......# #..##.>.# #.
#.....#.###..####.# #.
#.###.#....ยง.# #.# #.
#.....###.##.# #.# #.
#.###.###.##.# #.# #.
#.# #.#...##.# #.# #.
#.###.#.####.# #)# #.
#.....W......####.#####)
#.###..@................
#.# ###.#####.###.##....
##.##
##.#####.###.######
##...###............#
#..#..##.############
#.###....# #..#..####
##...## #####


You could see Steadysplat's ghost.

Vanquished Creatures
  An ogre (D:4)
  A jelly (D:3)
  3 orc priests (D:3)
  A hound (D:3)
  Terence (D:3)
  An iguana (D:4)
  7 adders
  2 worms
  A leopard gecko (D:2)
  7 orcs
  A ball python (D:2)
  2 giant cockroaches (D:1)
  6 hobgoblins
  7 jackals
  7 bats
  5 frilled lizards
  4 goblins
  6 kobolds
  A quokka skeleton (D:4)
  7 rats
71 creatures vanquished.

Vanquished Creatures (others)
  166 foxfires
166 creatures vanquished.

Grand Total: 237 creatures vanquished

Notes
Turn   | Place    | Note
-------+----------+-------------------------------------------
     0 | D:1      | germanbkn the Ogre Fire Elementalist began the quest for
                  | the Orb.
     0 | D:1      | Reached XP level 1. HP: 16/16 MP: 3/3
  1131 | D:1      | Reached XP level 2. HP: 24/24 MP: 3/5
  2342 | D:1      | Reached skill level 1 in Conjurations
  2342 | D:1      | Reached XP level 3. HP: 29/32 MP: 1/7
  2950 | D:2      | Found a sacrificial altar of Ru.
  2955 | D:2      | Became a worshipper of Ru the Awakened
  3122 | D:2      | Found an opulent altar of Gozag.
  3547 | D:2      | Reached XP level 4. HP: 27/40 MP: 6/8
  3774 | D:2      | Reached skill level 1 in Fighting
  4830 | D:3      | Gained mutation: You are missing a hand. [Ru sacrifice]
  4830 | D:3      | Reached * piety under Ru
  4830 | D:3      | Reached ** piety under Ru
  4830 | D:3      | Reached *** piety under Ru
  4835 | D:3      | Learned a level 3 spell: Inner Flame
  4866 | D:3      | Reached XP level 5. HP: 48/48 MP: 7/10
  5172 | D:3      | Noticed Terence
  5176 | D:3      | Killed Terence
  5236 | D:3      | Reached skill level 1 in Short Blades
  5652 | D:4      | Noticed a centaur
  5655 | D:4      | a centaur changed into a jelly
  5672 | D:3      | Reached XP level 6. HP: 38/55 MP: 11/11
  6963 | D:4      | Found a runed translucent door.
  6966 | D:4      | Noticed Steadysplat's ghost (novice GnWn)
  7113 | D:3      | Mangled by Steadysplat's ghost

Illustrated notes

Levels and vault maps discovered:
D:1:      psy_arrival_whirlpool, layout_basic, kennysheep_small_spiral,
          kennysheep_boxes
D:2:      layout_loops_ring, lemuel_doored_altar, lemuel_crystal_altar
D:3:      layout_loops_ring, palyth_stone_intersect, uniq_terence
D:4:      layout_rooms, doesnt_xom_only_xom, minmay_temple_entry_sparse_star,
          hellmonk_ghost_happy_afterlife, uniq_grinder

Skill      XL: |  1  2  3  4  5  6 |
---------------+-------------------+-----
Dodging        | 2 |  2.8
Fire Magic     | 3 4 |  4.1
Conjurations   | 1 2 |  2.0
Spellcasting   | 3 4 |  4.2
Fighting       | 1 |  1.9
Short Blades   | 1 |  1.5
Stealth        | 2 |  2.0
Unarmed Combat | |  0.1
Hexes          | |  0.8
Evocations     | |  0.1

Action                   |  1- 3 |  4- 6 || total
-------------------------+-------+-------++-------
Melee: Unarmed           |    43 |       ||    43
       Short sword       |    44 |    63 ||   107
       Mace              |       |    21 ||    21
 Cast: Foxfire           |    55 |    68 ||   123
       Inner Flame       |       |     8 ||     8
Invok: Sacrifice a Hand  |       |     1 ||     1
       Draw Out Power    |       |     8 ||     8
Evoke: Wand              |       |     3 ||     3
  Use: Potion            |       |     8 ||     8
       Scroll            |       |     2 ||     2
 Stab: Sleeping          |     1 |       ||     1
       Invisible         |       |     1 ||     1
Armor: Robe              |    46 |    37 ||    83
Dodge: Dodged            |    60 |    93 ||   153

Table legend: (Time is in decaauts)
 A = Elapsed time spent in this place.
 B = Non-inter-level travel time spent in this place.
 C = Inter-level travel time spent in this place.
 D = Time resting spent in this place.
 E = Time spent auto-exploring this place.
 F = Levels seen in this place.
 G = Mean time per level.
                   A        B        C        D        E       F      G
               +--------+--------+--------+--------+--------+-----+--------+
         Total |   7165 |   7076 |     89 |   4259 |   1527 |   4 | 1791.2 |
       Dungeon |   7165 |   7076 |     89 |   4259 |   1527 |   4 | 1791.2 |
               +--------+--------+--------+--------+--------+-----+--------+

Top non-repeatable levels by time:
     D:1: 2910 daAuts
     D:3: 2758 daAuts
     D:2: 1100 daAuts
     D:4: 395 daAuts
